TOP OF THE 1ST |
Americus Braves batting - Pitching for Amarillo ThunderHeads : RHP Ferdi Schipper
|
Pitching: RHP Ferdi Schipper
|
|
Batting: RHB Joe Young
|
0-0: Ball 1-0: Swinging Strike 1-1: Called Strike 1-2: Ball 2-2: Fly out, F8 (Flyball, 8RM, EV 78.1 MPH)
|
Batting: SHB Jordan Barragan
|
0-0: Swinging Strike 0-1: Called Strike 0-2: Ball 1-2: Ball 2-2: Strikes out swinging
|
Batting: RHB Hisayuki Akiyama
|
0-0: Foul Ball, location: 2F 0-1: Ball 1-1: Foul Ball, location: 2F 1-2: Ball 2-2: Strikes out swinging
|
Top of the 1st over - 0 runs, 0 hits, 0 errors, 0 left on base; Americus 0 - Amarillo 0 |
BOTTOM OF THE 1ST |
Amarillo ThunderHeads batting - Pitching for Americus Braves : RHP Justin Collins
|
Pitching: RHP Justin Collins
|
|
Batting: SHB Tim Rogers
|
0-0: Swinging Strike 0-1: Foul Ball, location: 2F 0-2: SINGLE (Groundball, 56D, EV 96.3 MPH)
|
Batting: RHB Luis Reyna
|
0-0: Ball 1-0: Ball 2-0: Grounds into double play, 5-4-3 (Groundball, 56, EV 83.1 MPH)
|
Batting: RHB Sal Cervantes
|
0-0: Ball 1-0: Ball 2-0: Ball 3-0: Base on Balls
|
Batting: RHB Nick Solberg
|
0-0: Called Strike Sal Cervantes steals 2nd base (no throw) 0-1: SINGLE (Groundball, 6D, EV 99.4 MPH) Sal Cervantes to third Runner from 3rd tries for Home, SAFE, throw by CF to home
|
Batting: RHB Jerry Foster
|
0-0: Swinging Strike 0-1: Ball 1-1: Ball 2-1: Ball 3-1: Base on Balls Nick Solberg to second
|
Batting: LHB Santino Pisanello
|
0-0: Ball 1-0: Ball 2-0: Fly out, F9 (Flyball, 9D, EV 93.1 MPH)
|
Bottom of the 1st over - 1 run, 2 hits, 0 errors, 2 left on base; Americus 0 - Amarillo 1 |
TOP OF THE 2ND |
Americus Braves batting - Pitching for Amarillo ThunderHeads : RHP Ferdi Schipper
|
Batting: LHB Ryan Murdock
|
0-0: Called Strike 0-1: Foul Ball, location: 2F 0-2: Ball 1-2: Foul Ball, location: 2F 1-2: Strikes out swinging
|
Batting: RHB Terry Hughes
|
0-0: Called Strike 0-1: Ball 1-1: Ball 2-1: Called Strike 2-2: Ball 3-2: Fly out, F8 (Flyball, 8LS, EV 85.6 MPH)
|
Batting: LHB Andres Aldape
|
0-0: Ball 1-0: Called Strike 1-1: Called Strike 1-2: Ground out 4-3 (Groundball, 4, EV 103.1 MPH)
|
Top of the 2nd over - 0 runs, 0 hits, 0 errors, 0 left on base; Americus 0 - Amarillo 1 |
BOTTOM OF THE 2ND |
Amarillo ThunderHeads batting - Pitching for Americus Braves : RHP Justin Collins
|
Batting: RHB Luis Solorzano
|
0-0: Called Strike 0-1: Ball 1-1: Ball 2-1: Foul Ball, location: 2F 2-2: Ball 3-2: DOUBLE (Line Drive, 8LXD, EV 101.9 MPH)
|
Batting: RHB Eric Juarez
|
0-0: Ground out 5-3 (Groundball, 5, EV 78.1 MPH)
|
Batting: SHB Tyler Romo
|
0-0: Swinging Strike 0-1: Ball 1-1: Swinging Strike 1-2: Foul Ball, location: 2F 1-2: Ball 2-2: Strikes out swinging
|
Batting: SHB Tim Rogers
|
0-0: Called Strike 0-1: Ball 1-1: Ball 2-1: Ground out 4-3 (Groundball, 4, EV 88.8 MPH)
|
Bottom of the 2nd over - 0 runs, 1 hit, 0 errors, 1 left on base; Americus 0 - Amarillo 1 |
TOP OF THE 3RD |
Americus Braves batting - Pitching for Amarillo ThunderHeads : RHP Ferdi Schipper
|
Batting: RHB George Provance
|
0-0: Foul Ball, location: 2F 0-1: Ball 1-1: Ball 2-1: Fly out, F8 (Line Drive, 8LM, EV 100.0 MPH)
|
Batting: LHB Mark Dearth
|
0-0: Called Strike 0-1: DOUBLE (Flyball, 8RXD, EV 101.3 MPH)
|
Batting: RHB Phil Holman
|
0-0: Foul Ball, location: 2F 0-1: Fly out, F3 (Line Drive, 3, EV 71.3 MPH)
|
Batting: RHB Joe Young
|
0-0: Called Strike 0-1: Swinging Strike 0-2: Ball 1-2: Strikes out swinging
|
Top of the 3rd over - 0 runs, 1 hit, 0 errors, 1 left on base; Americus 0 - Amarillo 1 |
BOTTOM OF THE 3RD |
Amarillo ThunderHeads batting - Pitching for Americus Braves : RHP Justin Collins
|
Batting: RHB Luis Reyna
|
0-0: Called Strike 0-1: Fly out, F9 (Line Drive, 9, EV 106.9 MPH)
|
Batting: RHB Sal Cervantes
|
0-0: Ball 1-0: Called Strike 1-1: Ball 2-1: Foul Ball, location: 2F 2-2: SINGLE (Groundball, 56D, EV 98.1 MPH)
|
Batting: RHB Nick Solberg
|
0-0: Ball 1-0: Called Strike Sal Cervantes steals 2nd base 1-1: Foul Ball, location: 2F 1-2: SINGLE (Line Drive, 34D, EV 106.3 MPH) Sal Cervantes to third Runner from 3rd tries for Home, SAFE, throw by RF to home
|
Batting: RHB Jerry Foster
|
0-0: Called Strike Nick Solberg steals 2nd base 0-1: Ball 1-1: Ball 2-1: Called Strike 2-2: Foul Ball, location: 2F 2-2: Fly out, F9 (Flyball, 89M, EV 92.5 MPH) Runner from 2nd tags up, OUT at 3rd! 9-5
|
Bottom of the 3rd over - 1 run, 2 hits, 0 errors, 0 left on base; Americus 0 - Amarillo 2 |
TOP OF THE 4TH |
Americus Braves batting - Pitching for Amarillo ThunderHeads : RHP Ferdi Schipper
|
Batting: SHB Jordan Barragan
|
0-0: Ball 1-0: Ground out 1-3 (Groundball, 13S, EV 66.9 MPH)
|
Batting: RHB Hisayuki Akiyama
|
0-0: Foul Ball, location: 2F 0-1: SINGLE (Groundball, 56D, EV 96.3 MPH)
|
Batting: LHB Ryan Murdock
|
0-0: Ball 1-0: SINGLE (Groundball, 4MD, EV 97.5 MPH) Hisayuki Akiyama to second Runner from 2nd tries for 3rd, SAFE, no throw by CF
|
Batting: RHB Terry Hughes
|
0-0: Called Strike 0-1: Swinging Strike 0-2: Fly out, F8 (Flyball, 78D, EV 83.1 MPH) Runner from 3rd tags up, SCORES, throw by CF
|
Batting: LHB Andres Aldape
|
0-0: Swinging Strike 0-1: Fielders Choice at 2nd, 6-4 (Groundball, 6, EV 101.9 MPH)
|
Top of the 4th over - 1 run, 2 hits, 0 errors, 1 left on base; Americus 1 - Amarillo 2 |
BOTTOM OF THE 4TH |
Amarillo ThunderHeads batting - Pitching for Americus Braves : RHP Justin Collins
|
Batting: LHB Santino Pisanello
|
0-0: Called Strike 0-1: Ball 1-1: SINGLE (Groundball, 34D, EV 96.9 MPH)
|
Batting: RHB Luis Solorzano
|
0-0: Ball 1-0: Foul Ball, location: 2F 1-1: Ball Santino Pisanello is caught stealing 2nd base 2-4 2-1: Called Strike 2-2: Strikes out looking
|
Batting: RHB Eric Juarez
|
0-0: SINGLE (Line Drive, 9S, EV 89.4 MPH)
|
Batting: SHB Tyler Romo
|
0-0: Ball 1-0: Ball 2-0: Foul Ball, location: 2F 2-1: Swinging Strike 2-2: Foul Ball, location: 2F 2-2: Ball 3-2: Strikes out swinging
|
Bottom of the 4th over - 0 runs, 2 hits, 0 errors, 1 left on base; Americus 1 - Amarillo 2 |
TOP OF THE 5TH |
Americus Braves batting - Pitching for Amarillo ThunderHeads : RHP Ferdi Schipper
|
Batting: RHB George Provance
|
0-0: SINGLE (Groundball, 25, EV 65.6 MPH) (infield hit)
|
Batting: LHB Mark Dearth
|
0-0: Ball Wild Pitch! George Provance to second 1-0: Swinging Strike 1-1: Swinging Strike 1-2: Ball 2-2: Ball 3-2: Foul Ball, location: 2F 3-2: Strikes out looking
|
Batting: RHB Phil Holman
|
0-0: Called Strike 0-1: Ball Wild Pitch! George Provance to third 1-1: Swinging Strike 1-2: Foul Ball, location: 2F 1-2: Strikes out swinging
|
Batting: RHB Joe Young
|
Balk! George Provance scores 0-0: Foul Ball, location: 2F 0-1: Ball 1-1: Ball 2-1: Called Strike 2-2: Ball 3-2: Foul Ball, location: 2F 3-2: Base on Balls
|
Batting: SHB Jordan Barragan
|
0-0: Ball Joe Young steals 2nd base 1-0: Ball 2-0: Called Strike 2-1: Called Strike 2-2: Strikes out swinging
|
Top of the 5th over - 1 run, 1 hit, 0 errors, 1 left on base; Americus 2 - Amarillo 2 |
BOTTOM OF THE 5TH |
Amarillo ThunderHeads batting - Pitching for Americus Braves : RHP Justin Collins
|
Batting: SHB Tim Rogers
|
0-0: Ball 1-0: Ball 2-0: Foul Ball, location: 2F 2-1: Swinging Strike 2-2: Ball 3-2: SINGLE (Groundball, 4MS, EV 85.0 MPH) (infield hit)
|
Batting: RHB Luis Reyna
|
0-0: Ball Tim Rogers steals 2nd base (no throw) 1-0: Foul Ball, location: 2F 1-1: Ball 2-1: Foul Ball, location: 2F 2-2: Ball 3-2: Foul Ball, location: 2F 3-2: SINGLE (Groundball, 6M, EV 96.9 MPH) Tim Rogers to third
|
Batting: RHB Sal Cervantes
|
0-0: Called Strike 0-1: Ball 1-1: Ball 2-1: Ball 3-1: Foul Ball, location: 2F 3-2: Fielders Choice at 2nd, 6-4 (Groundball, 56, EV 103.1 MPH) Tim Rogers scores
|
Batting: RHB Nick Solberg
|
0-0: Ball 1-0: Called Strike 1-1: Fly out, F8 (Flyball, 8LD, EV 74.4 MPH)
|
Batting: RHB Jerry Foster
|
0-0: Ground out 5-3 (Groundball, 56, EV 103.1 MPH)
|
Bottom of the 5th over - 1 run, 2 hits, 0 errors, 1 left on base; Americus 2 - Amarillo 3 |
TOP OF THE 6TH |
Americus Braves batting - Pitching for Amarillo ThunderHeads : RHP Ferdi Schipper
|
Pitching: RHP Danny Alvarez
|
|
Batting: RHB Hisayuki Akiyama
|
0-0: Ball 1-0: Ball 2-0: SOLO HOME RUN (Flyball, 9D, EV 95.0 MPH), Distance : 357 ft
|
Batting: LHB Ryan Murdock
|
0-0: Ball 1-0: Called Strike 1-1: Called Strike 1-2: Ball 2-2: Ball 3-2: Base on Balls
|
Batting: RHB Terry Hughes
|
0-0: Called Strike 0-1: Foul Ball, location: 2F 0-2: Ball 1-2: Ball 2-2: SINGLE (Groundball, 6MD, EV 102.5 MPH) Ryan Murdock to second
|
Batting: LHB Andres Aldape
|
0-0: Ball Passed Ball! Ryan Murdock to third Terry Hughes to second 1-0: Intentional Walk
|
Batting: RHB George Provance
|
0-0: Foul Ball, location: 2F 0-1: Called Strike 0-2: Fly out, F8 (Flyball, 8LM, EV 97.5 MPH) Runner from 3rd tags up, OUT at HOME! 8-2 Terry Hughes to third Andres Aldape to second
|
Batting: LHB Mark Dearth
|
0-0: Intentional Walk
|
Pinch Hitting: SHB Jose Melendez
|
0-0: Ball 1-0: Fielders Choice at 2nd, 6-4 (Groundball, 6, EV 89.4 MPH)
|
Top of the 6th over - 1 run, 2 hits, 0 errors, 3 left on base; Americus 3 - Amarillo 3 |
BOTTOM OF THE 6TH |
Amarillo ThunderHeads batting - Pitching for Americus Braves : RHP Justin Collins
|
Pitching: RHP Danny MacKinnon
|
|
Now at 3B: Joe Young
|
|
Now at SS: Hisayuki Akiyama
|
|
Now in CF: George Provance
|
|
Now in RF: Jose Melendez
|
|
Batting: LHB Santino Pisanello
|
0-0: Called Strike 0-1: Ball 1-1: Fly out, F8 (Flyball, 8LS, EV 88.8 MPH)
|
Batting: RHB Luis Solorzano
|
0-0: Ball 1-0: Ball 2-0: Foul Ball, location: 2F 2-1: Ball 3-1: Fly out, F7 (Flyball, 78M, EV 77.5 MPH)
|
Batting: RHB Eric Juarez
|
0-0: Ball 1-0: Ball 2-0: Called Strike 2-1: Ball 3-1: Base on Balls
|
Batting: SHB Tyler Romo
|
0-0: Called Strike Eric Juarez is caught stealing 2nd base 2-6
|
Bottom of the 6th over - 0 runs, 0 hits, 0 errors, 0 left on base; Americus 3 - Amarillo 3 |
TOP OF THE 7TH |
Americus Braves batting - Pitching for Amarillo ThunderHeads : RHP Danny Alvarez
|
Pitching: RHP Bryan Bennett
|
|
Batting: RHB Joe Young
|
0-0: Called Strike 0-1: Called Strike 0-2: Ball 1-2: Ball 2-2: Reached on error, E6 (Groundball, 6, EV 106.9 MPH)
|
Batting: SHB Jordan Barragan
|
0-0: Ball Joe Young is caught stealing 2nd base 2-6 1-0: Ball 2-0: Called Strike 2-1: Foul Ball, location: 2F 2-2: Strikes out swinging
|
Batting: RHB Hisayuki Akiyama
|
0-0: Swinging Strike 0-1: Foul Ball, location: 2F 0-2: Hit by Pitch
|
Batting: LHB Ryan Murdock
|
0-0: Ball 1-0: Ball Passed Ball! Hisayuki Akiyama to second 2-0: Intentional Walk
|
Batting: RHB Terry Hughes
|
0-0: Ball 1-0: SINGLE (Groundball, 5S, EV 66.9 MPH) (infield hit) Hisayuki Akiyama to third Ryan Murdock to second
|
Batting: LHB Andres Aldape
|
0-0: Ball 1-0: Foul Ball, location: 2RF, Error on foul ball, E2 1-1: Foul Ball, location: 2F 1-2: Fielders Choice at 2nd, 6-4 (Groundball, 6, EV 84.4 MPH)
|
Top of the 7th over - 0 runs, 1 hit, 2 errors, 3 left on base; Americus 3 - Amarillo 3 |
BOTTOM OF THE 7TH |
Amarillo ThunderHeads batting - Pitching for Americus Braves : RHP Danny MacKinnon
|
Pinch Hitting: RHB Elias Sagrero
|
0-0: Called Strike 0-1: Ground out 6-3 (Groundball, 6, EV 87.5 MPH)
|
Batting: SHB Tim Rogers
|
0-0: Ground out 4-3 (Groundball, 4, EV 83.1 MPH)
|
Batting: RHB Luis Reyna
|
0-0: DOUBLE (Flyball, 8RD, EV 92.5 MPH)
|
Batting: RHB Sal Cervantes
|
0-0: Called Strike 0-1: Foul Ball, location: 2F 0-2: Foul Ball, location: 2F 0-2: Ball 1-2: Ground out 4-3 (Groundball, 4, EV 85.6 MPH)
|
Bottom of the 7th over - 0 runs, 1 hit, 0 errors, 1 left on base; Americus 3 - Amarillo 3 |
TOP OF THE 8TH |
Americus Braves batting - Pitching for Amarillo ThunderHeads : RHP Bryan Bennett
|
Pitching: LHP Alex Boites
|
|
Now at 2B: Elias Sagrero
|
|
Batting: RHB George Provance
|
0-0: Ball 1-0: Ground out 6-3 (Groundball, 6M, EV 88.1 MPH)
|
Pinch Hitting: RHB Josh McCormick
|
0-0: Called Strike 0-1: Ball 1-1: Foul Ball, location: 2F 1-2: SOLO HOME RUN (Flyball, 78XD, EV 108.1 MPH), Distance : 427 ft
|
Batting: SHB Jose Melendez
|
0-0: Foul Ball, location: 2F 0-1: Called Strike 0-2: DOUBLE (Line Drive, 7LS, EV 115.0 MPH)
|
Batting: RHB Joe Young
|
0-0: Intentional Walk
|
Batting: SHB Jordan Barragan
|
0-0: Ground out U3 (Groundball, 3, EV 78.8 MPH) Jose Melendez to third Joe Young to second
|
Batting: RHB Hisayuki Akiyama
|
0-0: Intentional Walk
|
Batting: LHB Ryan Murdock
|
0-0: Ball 1-0: Called Strike 1-1: Ball 2-1: Ball 3-1: Called Strike 3-2: SINGLE (Flyball, 3D, EV 99.4 MPH) Jose Melendez scores Joe Young to third Hisayuki Akiyama to second Joe Young scores Hisayuki Akiyama to third
|
Batting: RHB Terry Hughes
|
0-0: Ball 1-0: Ball 2-0: Called Strike 2-1: Ball 3-1: Foul Ball, location: 2F 3-2: Strikes out looking
|
Top of the 8th over - 3 runs, 3 hits, 0 errors, 2 left on base; Americus 6 - Amarillo 3 |
BOTTOM OF THE 8TH |
Amarillo ThunderHeads batting - Pitching for Americus Braves : RHP Danny MacKinnon
|
Now at 2B: Erik Gretzky
|
|
Batting: RHB Nick Solberg
|
0-0: Ball 1-0: Foul Ball, location: 2F 1-1: Ball 2-1: Called Strike 2-2: Foul Ball, location: 2F 2-2: Strikes out looking
|
Batting: RHB Jerry Foster
|
0-0: Called Strike 0-1: Ball 1-1: Ball 2-1: Ball 3-1: Base on Balls
|
Batting: LHB Santino Pisanello
|
0-0: SINGLE (Line Drive, 8RS, EV 108.8 MPH) Jerry Foster to second
|
Batting: RHB Luis Solorzano
|
0-0: Ball 1-0: Ball 2-0: Ball 3-0: Base on Balls Jerry Foster to third Santino Pisanello to second
|
Pitching: RHP Manny Rolfe
|
|
Batting: RHB Eric Juarez
|
0-0: Called Strike 0-1: Ball 1-1: Ball 2-1: Foul Ball, location: 2F 2-2: Ball 3-2: Foul Ball, location: 2F 3-2: Strikes out looking
|
Batting: RHB Elias Sagrero
|
0-0: Called Strike 0-1: Ball 1-1: Foul Ball, location: 2F 1-2: Foul Ball, location: 2F 1-2: Fly out, F7 (Flyball, 7S, EV 86.9 MPH)
|
Bottom of the 8th over - 0 runs, 1 hit, 0 errors, 3 left on base; Americus 6 - Amarillo 3 |
TOP OF THE 9TH |
Americus Braves batting - Pitching for Amarillo ThunderHeads : LHP Alex Boites
|
Pitching: RHP Mike Osgood
|
|
Batting: LHB Andres Aldape
|
0-0: Foul Ball, location: 2F 0-1: Ball 1-1: Ball 2-1: Ball 3-1: Base on Balls
|
Batting: RHB George Provance
|
0-0: Bunted foul 0-1: Bunted foul 0-2: Ball 1-2: Foul Ball, location: 2F 1-2: Foul Ball, location: 2F 1-2: SINGLE (Groundball, 56D, EV 99.4 MPH) Andres Aldape to second
|
Batting: LHB Erik Gretzky
|
0-0: Ball 1-0: Ball 2-0: Ball 3-0: Called Strike 3-1: Sac Bunt to 23 - play at first, batter OUT! 3-4 Andres Aldape to third George Provance to second
|
Batting: SHB Jose Melendez
|
0-0: Swinging Strike 0-1: Ground out 6-3 (Groundball, 6, EV 88.8 MPH) Andres Aldape scores George Provance to third
|
Batting: RHB Joe Young
|
0-0: Called Strike 0-1: Ball Passed Ball! George Provance scores 1-1: SINGLE (Groundball, 56D, EV 106.9 MPH)
|
Batting: SHB Jordan Barragan
|
0-0: Ball 1-0: Hit by Pitch Joe Young to second
|
Batting: RHB Hisayuki Akiyama
|
0-0: Ball 1-0: Called Strike 1-1: Foul Ball, location: 2F 1-2: Ball 2-2: Ball 3-2: Base on Balls Joe Young to third Jordan Barragan to second
|
Batting: LHB Ryan Murdock
|
0-0: Foul Ball, location: 2F 0-1: Swinging Strike 0-2: Strikes out swinging
|
Top of the 9th over - 2 runs, 2 hits, 0 errors, 3 left on base; Americus 8 - Amarillo 3 |
BOTTOM OF THE 9TH |
Amarillo ThunderHeads batting - Pitching for Americus Braves : RHP Manny Rolfe
|
Batting: SHB Tim Rogers
|
0-0: Ground out 6-3 (Groundball, 6D, EV 103.1 MPH)
|
Batting: RHB Luis Reyna
|
0-0: Fly out, F9 (Flyball, 89D, EV 96.9 MPH)
|
Batting: RHB Sal Cervantes
|
0-0: Ball 1-0: Ground out 6-3 (Groundball, 6, EV 87.5 MPH)
|
Bottom of the 9th over - 0 runs, 0 hits, 0 errors, 0 left on base; Americus 8 - Amarillo 3 |
|